 Dungeon Crawl Stone Soup version 0.25-a0-558-g78a2afb0af (webtiles) character file.

Game seed: 7457521148851602496, levelgen mode: deterministic

3156 Forecaster the Magician (level 9, -3/112 HPs)
             Began as a Naga Wizard on Feb 25, 2020.
             Was a Believer of Wu Jian.
             Slain by an orc warrior
             ... wielding a +0 vorpal halberd
              (7 damage)
             ... on level 8 of the Dungeon.
             The game lasted 01:07:16 (8757 turns).

Forecaster the Magician (Naga Wizard)               Turns: 8757, Time: 01:07:16

Health: -3/112     AC: 24    Str: 10    XL:     9   Next: 93%
Magic:  20/20      EV:  1    Int: 24    God:    Wu Jian [**....]
Gold:   469        SH:  0    Dex: 11    Spells: 3/22 levels left

rFire    + . .     SeeInvis +   j - +11 dagger of Tuezympo {drain, Int+4}
rCold    x . .     Gourm    +   (no shield)
rNeg     + + +     Faith    .   (armour currently unavailable)
rPois    +         Spirit   .   (helmet currently unavailable)
rElec    .         Reflect  .   (cloak currently unavailable)
rCorr    .         Harm     .   (gloves currently unavailable)
MR       +....     NoTele   +   (no barding)
Stlth    ++++......             c - amulet of the gourmand
HPRegen  0.28/turn              X - ring of stealth
MPRegen  0.17/turn              E - ring of fire

@: tree-form
A: large, see invisible, slow metabolism 1, spit poison 1, AC +3
a: Spit Poison, Wall Jump, Renounce Religion


You were on level 8 of the Dungeon.
You worshipped Wu Jian.
Wu Jian was pleased with you.
You were completely stuffed.
You were a tree.
You visited 1 branch of the dungeon, and saw 8 of its levels.

You collected 469 gold pieces.

Inventory:

Hand Weapons
 f - the +7 sceptre of Torment {pain, torment}
   (You found it on level 4 of the Dungeon)

   In the hands of one skilled in necromantic magic, it inflicts extra damage on
   living creatures.
 h - a +3 short sword of speed
 j - the +11 dagger of Tuezympo (weapon) {drain, Int+4}
   (You found it on level 4 of the Dungeon)

   A truly terrible weapon, it drains the life of those it strikes.
   It affects your intelligence (+4).
 l - a +0 dagger of chaos
 n - a +0 dagger
 p - a +0 shortbow
 v - a +0 falchion of freezing
 z - a +0 hunting sling
 A - a +2 scythe
 H - a +0 short sword
 J - a +2 scimitar of flaming
 L - a +0 rapier
 T - a +1 flail of venom
 Z - a +0 long sword
Missiles
 e - 64 sling bullets
 k - 316 stones (quivered)
 x - 202 arrows
 y - 5 poisoned darts
 I - 3 javelins
 N - 28 bolts
Armour
 a - a +0 robe
 b - a +0 hat
 i - a +0 pair of gloves
 o - a +0 robe
 r - a +0 kite shield
 u - a +1 pair of gloves (melded)
 w - a +0 leather armour
 B - a +2 robe of magic resistance (melded)
 D - a +0 robe
 O - +0 steam dragon scales
 R - a +2 hat (melded)
 V - a +1 pair of boots
 Y - a +0 leather armour
Jewellery
 c - an amulet of the gourmand (around neck)
 E - a ring of fire (right branch)
 X - a ring of stealth (left branch)
Wands
 C - a wand of clouds (5)
 F - a wand of disintegration (10)
 S - a wand of acid (11)
 W - a wand of paralysis (8)
Scrolls
 t - 7 scrolls of remove curse
 G - a scroll of fear
 K - a scroll of noise
 M - a scroll of teleportation
 Q - 3 scrolls of immolation
 U - a scroll of blinking
Potions
 g - 2 potions of stabbing
 m - 3 potions of flight
 q - 2 potions of brilliance
 s - a potion of resistance
Comestibles
 d - 16 rations


   Skills:
 + Level 3.1 Fighting
 + Level 6.0 Short Blades
 + Level 0.1 Throwing
 + Level 1.7 Armour
 + Level 3.1 Dodging
 + Level 6.3 Stealth
 + Level 7.4 Spellcasting
 + Level 4.0 Conjurations
 + Level 1.6 Hexes
 + Level 5.1 Summonings
 + Level 1.1 Translocations
 + Level 0.1 Transmutations


You had 3 spell levels left.
You knew the following spells:

 Your Spells              Type           Power        Failure   Level  Hunger
a - Magic Dart            Conj           ####         1%          1    None
b - Call Imp              Summ           ####....     1%          2    None
c - Blink                 Tloc           N/A          6%          2    None
d - Conjure Flame         Conj/Fire      ####....     9%          3    None
e - Beastly Appendage     Tmut           #.....       7%          1    None
f - Searing Ray           Conj           ####..       1%          2    None
g - Iskenderun's Mystic   Conj/Tloc      ###.....     24%         4    ###....
h - Fulminant Prism       Conj/Hex       ###.......   22%         4    ###....

Your spell library contained the following spells:

 Spells                   Type           Power        Failure   Level  Hunger
 Slow                     Hex            ###.....     5%          2    None
 Dazzling Flash           Conj/Hex       ###...       6%          3    None
 Sticks to Snakes         Tmut           #.......     10%         2    None
 Mephitic Cloud           Conj/Pois/Air  ###.....     12%         3    None
 Spider Form              Tmut/Pois      #.........   21%         3    None
 Ice Form                 Ice/Tmut       #.......     54%         4    ###....
 Blade Hands              Tmut           #.........   88%         5    #####..


Dungeon Overview and Level Annotations

Branches:
Dungeon (8/15)             Temple (0/1) D:7
   Lair: D:8-11

Altars:
Ashenzari
Makhleb
Nemelex Xobeh
Okawaru
Ru
Trog
Uskayaw
Wu Jian
Xom
The Shining One

Annotations:
D:7 exclusion: oklob plant


Innate Abilities, Weirdness & Mutations

You cannot wear boots.
((Your serpentine skin is tough. (AC +3)))
You have supernaturally acute eyesight. (SInv)
((Armour fits poorly on your strangely shaped body.))
((Your system is resistant to poisons. (rPois)))
((You cover ground very slowly.))
You have a slow metabolism.
You can spit poison.


Message History

You puncture the orc priest! You drain the orc priest.
The orc priest is almost dead.
The orc warrior hits you with a +0 vorpal halberd!
* * * LOW HITPOINT WARNING * * *
x2 Really quaff the potion of lignification?
You turn into a tree.
Your +2 hat melds into your body.
Your +1 pair of gloves melds into your body.
Your +2 robe of magic resistance melds into your body.
You feel less resistant to hostile enchantments.
Your roots penetrate the ground.
The orc priest hits you but does no damage.
You puncture the orc priest!
You kill the orc priest!
The Council accepts your kill.
Your Short Blades skill increases to level 6!
The orc warrior hits you with a +0 vorpal halberd.
* * * LOW HITPOINT WARNING * * *
x2 You barely miss the orc warrior.
The orc warrior hits you with a +0 vorpal halberd!
You die...

#.# #............##..
#.#.#...####.....###.
###########.#.#...
#.....# #.
#...........#.#...
#.....# #.
#.###########.#...
##...## #. ##.#####
#.#########...####.
#......#
####.#................
#......#
#.....)..#####...#####
#......# #...o♣..(#
#...##### #......#
#...).................
#......#
#........(#......#####
#......# #.........#
..###### # #......#
#.........# ..# #.###
##.##### ####.#.##.# #
#.... #.# #.#.# .#
#.###
###.###########.#.# .#
#.#.. .......^.....#
#.#.#


You could see an orc warrior.

Vanquished Creatures
  Maggie (D:6)
  A hippogriff (D:8)
  2 hungry ghosts (D:7)
  2 ice beasts (D:7)
  A sky beast (D:6)
  3 ogres
  2 centaurs
  4 bullfrogs
  A gnoll sergeant (D:6)
  3 killer bees (D:7)
  A crimson imp (D:6)
  A quasit (D:8)
  2 hounds (D:6)
  A centaur skeleton (D:5)
  5 jellies
  An orc priest (D:8)
  Ijyb (D:4)
  An iguana (D:8)
  6 orc wizards
  4 worker ants
  2 hound zombies
  4 gnolls
  8 adders
  9 oozes
  An adder zombie (D:6)
  2 worms (D:2)
  5 leopard geckos
  11 orcs
  12 goblins
  10 hobgoblins
  4 jackals
  8 kobolds
  2 quokkas
  2 ball pythons
  5 bats
  2 frilled lizards (D:2)
  2 jackal skeletons (D:4)
  3 rats
135 creatures vanquished.

Vanquished Creatures (collateral kills)
  Sigmund (D:4)
  An ogre (D:6)
  Blork the orc (D:4)
  A bullfrog (D:6)
  2 jellies (D:7)
  2 orc priests
  A hound (D:6)
  3 orc wizards
  6 adders
  10 oozes
  An adder zombie (D:6)
  2 worms
  2 dart slugs
  A leopard gecko (D:6)
  7 orcs
  2 ball pythons
  A giant cockroach (D:2)
  2 goblins
  8 hobgoblins
  9 jackals
  A kobold (D:2)
  A rat (D:1)
65 creatures vanquished.

Vanquished Creatures (others)
  12 fulminant prisms (D:7)
  4 fungi (D:7)
16 creatures vanquished.

Grand Total: 216 creatures vanquished

Notes
Turn   | Place    | Note
-------+----------+-------------------------------------------
     0 | D:1      | Forecaster the Naga Wizard began the quest for the Orb.
     0 | D:1      | Reached XP level 1. HP: 15/15 MP: 4/4
   210 | D:1      | Reached XP level 2. HP: 22/22 MP: 0/6
   214 | D:1      | Learned a level 2 spell: Call Imp
   217 | D:1      | Learned a level 2 spell: Blink
  1189 | D:2      | Reached XP level 3. HP: 28/28 MP: 8/8
  1403 | D:2      | Found a burning altar of Makhleb.
  1513 | D:2      | Noticed a +0 hand axe
  1514 | D:2      | Noticed a +0 dagger
  1532 | D:2      | Found a hide-covered altar of Uskayaw.
  1611 | D:2      | Reached XP level 4. HP: 36/36 MP: 3/9
  1668 | D:2      | Reached skill level 4 in Spellcasting
  2282 | D:3      | Reached skill level 1 in Short Blades
  2451 | D:3      | Found a glowing golden altar of the Shining One.
  2467 | D:3      | Reached XP level 5. HP: 10/43 MP: 8/11
  2963 | D:3      | Found a shattered altar of Ashenzari.
  3123 | D:4      | Found the +7 sceptre of Torment {pain, torment}
  3257 | D:4      | Noticed Sigmund
  3268 | D:4      | Reached skill level 1 in Armour
  3289 | D:4      | Killed Sigmund
  3289 | D:4      | Reached XP level 6. HP: 22/50 MP: 2/12
  3442 | D:4      | Got a brightly glowing dagger
  3451 | D:4      | Identified the +11 dagger of Tuezympo {drain, Int+4} (You
                  | found it on level 4 of the Dungeon)
  3459 | D:4      | Noticed Blork the orc
  3472 | D:4      | Killed Blork the orc
  3659 | D:4      | Found an ornate altar of the Wu Jian Council.
  3670 | D:4      | Became a worshipper of the Wu Jian Council
  3925 | D:4      | Noticed Ijyb
  3936 | D:4      | Killed Ijyb
  4199 | D:5      | Entered Level 5 of the Dungeon
  4371 | D:5      | Reached XP level 7. HP: 56/56 MP: 9/14
  4396 | D:5      | Reached skill level 1 in Fighting
  4476 | D:5      | Found a sacrificial altar of Ru.
  4598 | D:5      | Found an iron altar of Okawaru.
  4599 | D:5      | Found a bloodstained altar of Trog.
  5114 | D:6      | Reached skill level 5 in Spellcasting
  5232 | D:6      | Reached * piety under Wu Jian
  5508 | D:6      | Noticed Maggie
  5523 | D:6      | Killed Maggie
  5523 | D:6      | Reached skill level 5 in Stealth
  5523 | D:6      | Reached XP level 8. HP: 55/64 MP: 16/16
  5665 | D:6      | Reached skill level 6 in Spellcasting
  6101 | D:6      | Found a sparkling altar of Nemelex Xobeh.
  6184 | D:6      | Learned a level 3 spell: Conjure Flame
  6266 | D:6      | Found a sacrificial altar of Ru.
  6291 | D:6      | Found a shimmering altar of Xom.
  6292 | D:6      | Found a burning altar of Makhleb.
  6303 | D:6      | Learned a level 1 spell: Beastly Appendage
  6390 | D:7      | Reached XP level 9. HP: 69/74 MP: 18/18
  6503 | D:7      | Found a staircase to the Ecumenical Temple.
  6505 | D:7      | Reached ** piety under Wu Jian
  6677 | D:7      | Learned a level 2 spell: Searing Ray
  6682 | D:7      | Learned a level 4 spell: Iskenderun's Mystic Blast
  6687 | D:7      | Learned a level 4 spell: Fulminant Prism
  6751 | D:7      | Reached skill level 5 in Summonings
  6755 | D:7      | Reached skill level 5 in Short Blades
  6780 | D:7      | Reached skill level 7 in Spellcasting
  7037 | D:7      | Noticed an oklob plant
  8482 | D:8      | Reached skill level 1 in Hexes
  8754 | D:8      | HP: 3/75 [orc warrior/+0 vorpal halberd (5)]
  8757 | D:8      | Slain by an orc warrior

Levels and vault maps discovered:
D:1:      mainiacjoe_arrival_reflecting_pool, layout_loops_ring, serial_forest,
          infiniplex_forest_straight_3, infiniplex_forest_zigzag_1,
          infiniplex_forest_clump_small, infiniplex_forest_clump_medium,
          infiniplex_forest_end_2, infiniplex_forest_end_1,
          infiniplex_forest_lined_3
D:2:      layout_loops_corners, dancing_weapons_uskayaw, first_ration,
          bloody_makhleb
D:3:      layout_rooms, nicolae_overflow_hidden_temple, lemuel_crystal_altar,
          minmay_goblin_outpost
D:4:      kennysheep_goblin_castle, layout_loops_cross, lemuel_doored_altar,
          kennysheep_opposing_triangles, uniq_sigmund, uniq_blork_the_orc
D:5:      layout_cave_pods, overflow_temple_1_default,
          grunt_temple_overflow_bloody_war, chequers_serial_rivers_micro_d
D:6:      layout_rooms, grunt_temple_overflow_champion_of_chaos,
          marbit_many_paths, minmay_misc_feat_nine_boxes,
          hangedman_decor_peaks_small, lemuel_statue_altar, uniq_maggie
D:7:      lemuel_slime, layout_gridville, minmay_temple_entry_nine_rooms
D:8:      layout_basic, lemuel_coloured_pillars_altar

Skill      XL: |  1  2  3  4  5  6  7  8  9 |
---------------+----------------------------+-----
Spellcasting   | 4 5 6 7 |  7.4
Short Blades   | 1 2 3 6 |  6.0
Summonings     | 2 3 4 5 |  5.1
Armour         | 1 |  1.7
Dodging        | 2 3 |  3.1
Stealth        | 4 5 6 |  6.3
Fighting       | 1 2 3 |  3.1
Conjurations   | 2 3 4 |  4.0
Hexes          | 1 |  1.6
Throwing       | |  0.1
Translocations | |  1.1
Transmutations | |  0.1

Action                   |  1- 3 |  4- 6 |  7- 9 || total
-------------------------+-------+-------+-------++-------
Melee: Short sword       |    43 |    77 |       ||   120
       Dagger            |       |    36 |   215 ||   251
       Headbutt          |       |       |     2 ||     2
Throw: Stone             |       |    17 |       ||    17
 Cast: Magic Dart        |    33 |    64 |    35 ||   132
       Call Imp          |    13 |    36 |    26 ||    75
       Blink             |       |     1 |     4 ||     5
       Beastly Appendage |       |       |     3 ||     3
       Fulminant Prism   |       |       |    12 ||    12
Invok: Lunge             |       |     4 |    14 ||    18
       Whirlwind         |       |       |     1 ||     1
  Use: Potion            |       |     3 |     3 ||     6
       Scroll            |       |    10 |    13 ||    23
 Stab: Sleeping          |     3 |     3 |     5 ||    11
       Distracted        |       |       |     2 ||     2
  Eat: Chunk             |     2 |    19 |    22 ||    43
Armor: Robe              |     4 |    15 |    70 ||    89
       Leather armour    |       |    18 |       ||    18
       Skin              |       |     4 |     1 ||     5
Dodge: Dodged            |    21 |    49 |    94 ||   164

Table legend:
 A = Non-vault XP
 B = Vault XP
 C = Vault XP percentage of total XP
 D = Non-vault monster count
 E = Vault monster count
 F = Vault count percentage of total count
                 A         B        C        D         E       F
            +---------+---------+-------+---------+---------+-------
      Total |    3434 |    1075 |  23.8 |     148 |      52 |  26.0
            +---------+---------+-------+---------+---------+-------
        D:1 |      31 |       0 |   0.0 |      14 |       0 |   0.0
        D:2 |      69 |       0 |   0.0 |      24 |       0 |   0.0
        D:3 |     127 |      19 |  13.0 |      29 |      10 |  25.6
        D:4 |     103 |     231 |  69.2 |       9 |      16 |  64.0
        D:5 |     137 |       3 |   2.1 |       9 |       1 |  10.0
        D:6 |     951 |     515 |  35.1 |      35 |       3 |   7.9
        D:7 |    1292 |     307 |  19.2 |      17 |      22 |  56.4
        D:8 |     724 |       0 |   0.0 |      11 |       0 |   0.0
            +---------+---------+-------+---------+---------+-------
